Oilers vs Penguins

Created - January 10 2008 at 20:27

Goals
1 2 3 T
Oilers 1 1 0 2
Penguins 1 0 2 3
Shots
1 2 3 T
Oilers 9 2 5 16
Penguins 6 7 8 21

Period #1

1. Oilers , Alexei Zhitnik 5 (Nicklas Lidstrom, Ryan Smyth) at 7:56 (PP)
2. Penguins , Mark Parrish 6 (Kris Draper) at 11:14

Penalties :
Kris Draper (PIT) for Hooking (Minor) at 2:14, Bryan Mccabe (PIT) for Roughing (Minor) at 4:56, Bryan Mccabe (PIT) for Hooking (Minor) at 7:24, Scott Hannan (PIT) for Elbowing (Minor) at 8:31, Taylor Pyatt (PIT) for Hooking (Minor) at 16:10, Mark Parrish (PIT) for Hooking (Minor) at 18:11

Period #2

3. Oilers , Francis Bouillon 2 (Shawn Horcoff, Ryan Smyth) at 19:28 (PP)

Penalties :
Fernando Pisani (EDM) for Boarding (Minor) at 1:45, Jarkko Ruutu (PIT) for Tripping (Minor) at 7:44, Jarkko Ruutu (PIT) for Tripping (Minor) at 18:03, Brooks Orpik (PIT) for Hooking (Minor) at 19:43

Period #3

4. Penguins , Jarkko Ruutu 3 (Jere Lehtinen, Sidney Crosby) at 4:01 (PP)
5. Penguins , Mark Parrish 7 (Christian Backman, Kris Draper) at 14:16

Penalties :
Radek Dvorak (EDM) for Slashing (Minor) at 2:31, Fernando Pisani (EDM) for Goalie Interference (Minor) at 4:02, Josef Melichar (PIT) for Slashing (Minor) at 7:05, Fernando Pisani (EDM) for Roughing (Minor) at 16:38, Brooks Orpik (PIT) for Hooking (Minor) at 19:51

Goalie Stats

Dwayne Roloson (EDM), 18 saves from 21 shots - (0.857), L, 22-21-1, 59:14 minutes
Marc-Andre Fleury (PIT), 14 saves from 16 shots - (0.875), W, 18-20-4, 60:00 minutes

Players Stats

Oilers
Player Name              G  A  P  +/- PIM S  H  SB FO MP 
-----------------------------------------------------------
Alexei Zhitnik           1  0  1  -1  0   2  0  0  0  23 
Daniel Tjarnqvist        0  0  0  -2  0   0  2  1  0  20 
Ethan Moreau             0  0  0   0  0   0  0  0  0  11 
Fernando Pisani          0  0  0  -2  6   2  0  0  1  17 
Francis Bouillon         1  0  1   0  0   1  0  0  0  19 
Jaroslav Spacek          0  0  0  -1  0   1  2  1  0  22 
Marty Reasoner           0  0  0   0  0   1  1  0  14 18 
Nicklas Lidstrom         0  1  1   0  0   1  0  0  0  24 
Patrick Thoresen         0  0  0   0  0   0  1  0  0  8  
Petr Sykora              0  0  0   0  0   0  0  1  0  17 
Pierre-Marc Bouchard     0  0  0  -2  0   1  1  0  1  17 
Radek Dvorak             0  0  0   0  2   2  0  0  0  15 
Raffi Torres             0  0  0   0  0   1  3  0  1  15 
Ryan Johnson             0  0  0   0  0   0  0  0  9  11 
Ryan Smyth               0  2  2   0  0   2  2  0  3  19 
Saku Koivu               0  0  0  -2  0   0  1  0  21 21 
Shawn Horcoff            0  1  1   0  0   1  1  0  20 18 
Steve Staios             0  0  0   0  0   1  1  4  0  16 
Penguins
Player Name              G  A  P  +/- PIM S  H  SB FO MP 
-----------------------------------------------------------
Brooks Orpik             0  0  0   2  4   0  1  1  0  15 
Bryan Mccabe             0  0  0   0  4   1  3  0  0  23 
Christian Backman        0  1  1   2  0   2  0  0  0  18 
Dallas Drake             0  0  0   0  0   0  0  0  0  5  
Dominic Moore            0  0  0   2  0   1  0  1  1  17 
Evgeni Malkin            0  0  0   0  0   2  2  0  10 21 
Glen Wesley              0  0  0   0  0   0  0  2  0  22 
Jarkko Ruutu             1  0  1   0  4   2  4  0  7  16 
Jere Lehtinen            0  1  1   0  0   1  0  0  2  22 
Josef Melichar           0  0  0   0  2   0  0  0  0  21 
Kris Draper              0  2  2   2  2   1  1  0  10 16 
Marian Hossa             0  0  0   0  0   4  0  0  12 22 
Mark Bell                0  0  0   0  0   0  0  0  0  2  
Mark Parrish             2  0  2   2  2   4  0  0  0  15 
Martin Lapointe          0  0  0   0  0   0  0  0  0  5  
Scott Hannan             0  0  0   0  2   0  0  2  0  24 
Sidney Crosby            0  1  1   0  0   2  4  0  25 22 
Taylor Pyatt             0  0  0   0  2   1  1  0  3  13 

3 Stars

1 - Mark Parrish (PIT)
2 - Kris Draper (PIT)
3 - Jarkko Ruutu (PIT)

Power Play

Oilers - 2 on 11 Attempt(s) - 18.18%
Penguins - 1 on 4 Attempt(s) - 25.00%

Penalty Kill

Oilers - 3 on 4 Attempt(s) - 75.00% - Score 0 goal in Penalty Kill
Penguins - 9 on 11 Attempt(s) - 81.82% - Score 0 goal in Penalty Kill

Game Notes

No Game Note

Finance

Level 1 -- Attendance: 3885 (64.75%) -- Ticket Income $361,305.00
Level 2 -- Attendance: 4087 (81.74%) -- Ticket Income $224,785.00
Level 3 -- Attendance: 1675 (83.73%) -- Ticket Income $55,275.00
Level 4 -- Attendance: 3229 (80.71%) -- Ticket Income $54,893.00
Luxury Box -- Attendance: 862 (86.21%) -- Ticket Income $159,470.00
Game was played at the Mellon Arena
Total Attendance: 13738 (79.30%)
Total Ticket Income: $886,021.30
Other Income: $156,414.30
Total Income: $1,042,435.00


Play by Play

Period #1

0:01 of 1st period - Evgeni Malkin wins face-off versus Shawn Horcoff in neutral zone.
0:03 of 1st period - Off-side.
0:04 of 1st period - Shawn Horcoff wins face-off versus Evgeni Malkin in neutral zone.
0:11 of 1st period - Shot by Ryan Smyth.
0:11 of 1st period - Stopped by Marc-Andre Fleury without a rebound.
0:12 of 1st period - Saku Koivu wins face-off versus Jere Lehtinen in Penguins zone.
2:01 of 1st period - Shot by Marian Hossa.
2:01 of 1st period - Stopped by Dwayne Roloson with a rebound.
2:06 of 1st period - Icing by Steve Staios.
2:07 of 1st period - Marty Reasoner wins face-off versus Kris Draper in Oilers zone.
2:07 of 1st period - Marty Reasoner is hit by Kris Draper.
2:14 of 1st period - Minor Penalty to Kris Draper for Hooking.
2:15 of 1st period - Marian Hossa wins face-off versus Saku Koivu in neutral zone.
4:25 of 1st period - Shot by Radek Dvorak.
4:25 of 1st period - Shot Blocked by Brooks Orpik.
4:31 of 1st period - Shot by Radek Dvorak.
4:31 of 1st period - Stopped by Marc-Andre Fleury without a rebound.
4:32 of 1st period - Kris Draper wins face-off versus Ryan Johnson in Penguins zone.
4:46 of 1st period - Shot by Mark Parrish.
4:46 of 1st period - Stopped by Dwayne Roloson without a rebound.
4:47 of 1st period - Marty Reasoner wins face-off versus Jarkko Ruutu in Oilers zone.
4:47 of 1st period - Marty Reasoner is hit by Jarkko Ruutu.
4:54 of 1st period - Jarkko Ruutu is hit by Raffi Torres and loses puck.
4:56 of 1st period - Minor Penalty to Bryan Mccabe for Roughing.
4:57 of 1st period - Saku Koivu wins face-off versus Jere Lehtinen in Penguins zone.
5:20 of 1st period - Shot by Daniel Tjarnqvist.
5:20 of 1st period - Shot Blocked by Glen Wesley.
5:22 of 1st period - Shot by Jaroslav Spacek.
5:22 of 1st period - Stopped by Marc-Andre Fleury without a rebound.
5:23 of 1st period - Marian Hossa wins face-off versus Shawn Horcoff in Penguins zone.
5:23 of 1st period - Marian Hossa is hit by Shawn Horcoff.
5:30 of 1st period - Icing by Ryan Smyth.
5:31 of 1st period - Marian Hossa wins face-off versus Shawn Horcoff in Oilers zone.
5:34 of 1st period - Shot by Evgeni Malkin.
5:34 of 1st period - Shot Misses the Net.
6:44 of 1st period - Icing by Daniel Tjarnqvist.
6:45 of 1st period - Sidney Crosby wins face-off versus Saku Koivu in Oilers zone.
6:50 of 1st period - Shot by Jere Lehtinen.
6:50 of 1st period - Shot Misses the Net.
7:14 of 1st period - Shot by Christian Backman.
7:14 of 1st period - Stopped by Dwayne Roloson without a rebound.
7:15 of 1st period - Ryan Johnson wins face-off versus Jarkko Ruutu in Oilers zone.
7:15 of 1st period - Ryan Johnson is hit by Jarkko Ruutu.
7:22 of 1st period - Nicklas Lidstrom is hit by Bryan Mccabe and loses puck.
7:24 of 1st period - Minor Penalty to Bryan Mccabe for Hooking.
7:25 of 1st period - Shawn Horcoff wins face-off versus Sidney Crosby in Penguins zone.
7:56 of 1st period - Shot by Alexei Zhitnik.
7:56 of 1st period - Goal by Alexei Zhitnik - Oilers : 1 - Penguins : 0.
7:57 of 1st period - Marty Reasoner wins face-off versus Jarkko Ruutu in neutral zone.
8:10 of 1st period - Radek Dvorak is hit by Bryan Mccabe and loses puck.
8:14 of 1st period - Icing by Bryan Mccabe.
8:15 of 1st period - Saku Koivu wins face-off versus Jarkko Ruutu in Penguins zone.
8:31 of 1st period - Minor Penalty to Scott Hannan for Elbowing.
8:32 of 1st period - Sidney Crosby wins face-off versus Saku Koivu in Penguins zone.
9:21 of 1st period - Icing by Shawn Horcoff.
9:22 of 1st period - Shawn Horcoff wins face-off versus Marian Hossa in Oilers zone.
9:42 of 1st period - Shot by Nicklas Lidstrom.
9:42 of 1st period - Shot Misses the Net.
9:44 of 1st period - Shot by Nicklas Lidstrom.
9:44 of 1st period - Stopped by Marc-Andre Fleury without a rebound.
9:45 of 1st period - Shawn Horcoff wins face-off versus Sidney Crosby in Penguins zone.
9:48 of 1st period - Shot by Ryan Smyth.
9:48 of 1st period - Shot Misses the Net.
10:34 of 1st period - Shot by Radek Dvorak.
10:34 of 1st period - Stopped by Marc-Andre Fleury without a rebound.
10:35 of 1st period - Kris Draper wins face-off versus Marty Reasoner in Penguins zone.
10:35 of 1st period - Kris Draper is hit by Marty Reasoner.
10:40 of 1st period - Off-side.
10:41 of 1st period - Marty Reasoner wins face-off versus Taylor Pyatt in neutral zone.
10:56 of 1st period - Shot by Evgeni Malkin.
10:56 of 1st period - Shot Blocked by Steve Staios.
11:00 of 1st period - Shot by Marian Hossa.
11:00 of 1st period - Stopped by Dwayne Roloson without a rebound.
11:01 of 1st period - Kris Draper wins face-off versus Saku Koivu in Oilers zone.
11:01 of 1st period - Christian Backman is hit by Daniel Tjarnqvist and loses puck.
11:14 of 1st period - Shot by Mark Parrish.
11:14 of 1st period - Goal by Mark Parrish - Oilers : 1 - Penguins : 1.
11:15 of 1st period - Ryan Johnson wins face-off versus Jarkko Ruutu in neutral zone.
11:23 of 1st period - Icing by Bryan Mccabe.
11:24 of 1st period - Marty Reasoner wins face-off versus Jarkko Ruutu in Penguins zone.
12:16 of 1st period - Icing by Scott Hannan.
12:17 of 1st period - Saku Koivu wins face-off versus Jarkko Ruutu in Penguins zone.
12:18 of 1st period - Shot by Fernando Pisani.
12:18 of 1st period - Stopped by Marc-Andre Fleury without a rebound.
12:19 of 1st period - Saku Koivu wins face-off versus Kris Draper in Penguins zone.
13:49 of 1st period - Shot by Jere Lehtinen.
13:49 of 1st period - Shot Misses the Net.
14:01 of 1st period - Shot by Ryan Smyth.
14:01 of 1st period - Shot Misses the Net.
14:11 of 1st period - Shot by Evgeni Malkin.
14:11 of 1st period - Shot Misses the Net.
14:13 of 1st period - Shot by Scott Hannan.
14:13 of 1st period - Shot Misses the Net.
14:15 of 1st period - Shot by Marian Hossa.
14:15 of 1st period - Shot Misses the Net.
14:17 of 1st period - Shot by Taylor Pyatt.
14:17 of 1st period - Stopped by Dwayne Roloson without a rebound.
14:18 of 1st period - Marty Reasoner wins face-off versus Kris Draper in Oilers zone.
16:10 of 1st period - Minor Penalty to Taylor Pyatt for Hooking.
16:11 of 1st period - Shawn Horcoff wins face-off versus Sidney Crosby in neutral zone.
16:54 of 1st period - Shot by Jaroslav Spacek.
16:54 of 1st period - Shot Misses the Net.
17:25 of 1st period - Icing by Shawn Horcoff.
17:26 of 1st period - Shawn Horcoff wins face-off versus Marian Hossa in Oilers zone.
17:36 of 1st period - Shot by Nicklas Lidstrom.
17:36 of 1st period - Shot Blocked by Scott Hannan.
17:48 of 1st period - Shot by Nicklas Lidstrom.
17:48 of 1st period - Deflect By Ryan Smyth.
17:48 of 1st period - Stopped by Marc-Andre Fleury without a rebound.
17:49 of 1st period - Saku Koivu wins face-off versus Marian Hossa in Penguins zone.
18:11 of 1st period - Minor Penalty to Mark Parrish for Hooking.
18:12 of 1st period - Shawn Horcoff wins face-off versus Sidney Crosby in Oilers zone.
18:12 of 1st period - Shawn Horcoff is hit by Sidney Crosby.
18:36 of 1st period - Shot by Nicklas Lidstrom.
18:36 of 1st period - Shot Blocked by Dominic Moore.
18:38 of 1st period - Shot by Alexei Zhitnik.
18:38 of 1st period - Shot Misses the Net.
18:40 of 1st period - Shot by Shawn Horcoff.
18:40 of 1st period - Stopped by Marc-Andre Fleury without a rebound.
18:41 of 1st period - Marian Hossa wins face-off versus Saku Koivu in Penguins zone.

Period #2

0:01 of 2nd period - Marian Hossa wins face-off versus Shawn Horcoff in neutral zone.
1:30 of 2nd period - Shot by Marian Hossa.
1:30 of 2nd period - Shot Misses the Net.
1:32 of 2nd period - Shot by Evgeni Malkin.
1:32 of 2nd period - Shot Misses the Net.
1:36 of 2nd period - Shot by Evgeni Malkin.
1:36 of 2nd period - Stopped by Dwayne Roloson without a rebound.
1:37 of 2nd period - Pierre-Marc Bouchard wins face-off versus Sidney Crosby in Oilers zone.
1:44 of 2nd period - Josef Melichar is hit by Pierre-Marc Bouchard and loses puck.
1:45 of 2nd period - Minor Penalty to Fernando Pisani for Boarding.
1:46 of 2nd period - Marty Reasoner wins face-off versus Sidney Crosby in Penguins zone.
2:03 of 2nd period - Shot by Sidney Crosby.
2:03 of 2nd period - Shot Misses the Net.
2:05 of 2nd period - Shot by Sidney Crosby.
2:05 of 2nd period - Shot Blocked by Daniel Tjarnqvist.
2:07 of 2nd period - Shot by Jarkko Ruutu.
2:07 of 2nd period - Shot Misses the Net.
2:11 of 2nd period - Shot by Glen Wesley.
2:11 of 2nd period - Shot Misses the Net.
2:13 of 2nd period - Shot by Glen Wesley.
2:13 of 2nd period - Shot Misses the Net.
2:47 of 2nd period - Nicklas Lidstrom is hit by Sidney Crosby and loses puck.
3:14 of 2nd period - Shot by Marian Hossa.
3:14 of 2nd period - Stopped by Dwayne Roloson without a rebound.
3:15 of 2nd period - Marty Reasoner wins face-off versus Evgeni Malkin in Oilers zone.
3:15 of 2nd period - Marty Reasoner is hit by Taylor Pyatt.
5:29 of 2nd period - Shot by Marian Hossa.
5:29 of 2nd period - Stopped by Dwayne Roloson without a rebound.
5:30 of 2nd period - Sidney Crosby wins face-off versus Ryan Johnson in Oilers zone.
5:35 of 2nd period - Shot by Sidney Crosby.
5:35 of 2nd period - Stopped by Dwayne Roloson without a rebound.
5:36 of 2nd period - Ryan Johnson wins face-off versus Kris Draper in Oilers zone.
6:06 of 2nd period - Off-side.
6:07 of 2nd period - Sidney Crosby wins face-off versus Shawn Horcoff in neutral zone.
6:24 of 2nd period - Shot by Sidney Crosby.
6:24 of 2nd period - Stopped by Dwayne Roloson without a rebound.
6:25 of 2nd period - Evgeni Malkin wins face-off versus Saku Koivu in Oilers zone.
7:37 of 2nd period - Shot by Mark Parrish.
7:37 of 2nd period - Stopped by Dwayne Roloson without a rebound.
7:38 of 2nd period - Sidney Crosby wins face-off versus Marty Reasoner in Oilers zone.
7:44 of 2nd period - Minor Penalty to Jarkko Ruutu for Tripping.
7:45 of 2nd period - Sidney Crosby wins face-off versus Shawn Horcoff in Oilers zone.
8:39 of 2nd period - Shot by Sidney Crosby.
8:39 of 2nd period - Shot Misses the Net.
8:41 of 2nd period - Shot by Jere Lehtinen.
8:41 of 2nd period - Shot Misses the Net.
8:43 of 2nd period - Shot by Jere Lehtinen.
8:43 of 2nd period - Deflect By Sidney Crosby.
8:43 of 2nd period - Shot Blocked by Jaroslav Spacek.
10:08 of 2nd period - Shot by Kris Draper.
10:08 of 2nd period - Shot Blocked by Steve Staios.
13:39 of 2nd period - Sidney Crosby is hit by Patrick Thoresen and loses puck.
16:22 of 2nd period - Shot by Jere Lehtinen.
16:22 of 2nd period - Deflect By Sidney Crosby.
16:22 of 2nd period - Shot Misses the Net.
17:21 of 2nd period - Shot by Bryan Mccabe.
17:21 of 2nd period - Stopped by Dwayne Roloson without a rebound.
17:22 of 2nd period - Evgeni Malkin wins face-off versus Shawn Horcoff in Oilers zone.
17:22 of 2nd period - Marian Hossa is hit by Daniel Tjarnqvist.
17:26 of 2nd period - Shot by Marian Hossa.
17:26 of 2nd period - Shot Misses the Net.
17:53 of 2nd period - Icing by Ryan Smyth.
17:54 of 2nd period - Shawn Horcoff wins face-off versus Sidney Crosby in Oilers zone.
17:54 of 2nd period - Shawn Horcoff is hit by Sidney Crosby.
18:03 of 2nd period - Minor Penalty to Jarkko Ruutu for Tripping.
18:04 of 2nd period - Sidney Crosby wins face-off versus Saku Koivu in neutral zone.
19:26 of 2nd period - Shot by Francis Bouillon.
19:26 of 2nd period - Shot Blocked by Scott Hannan.
19:28 of 2nd period - Shot by Francis Bouillon.
19:28 of 2nd period - Goal by Francis Bouillon - Oilers : 2 - Penguins : 1.
19:29 of 2nd period - Kris Draper wins face-off versus Raffi Torres in neutral zone.
19:43 of 2nd period - Minor Penalty to Brooks Orpik for Hooking.
19:44 of 2nd period - Marian Hossa wins face-off versus Saku Koivu in Penguins zone.
19:59 of 2nd period - Shot by Pierre-Marc Bouchard.
19:59 of 2nd period - Stopped by Marc-Andre Fleury without a rebound.

Period #3

0:01 of 3rd period - Shawn Horcoff wins face-off versus Marian Hossa in neutral zone.
0:16 of 3rd period - Icing by Nicklas Lidstrom.
0:17 of 3rd period - Sidney Crosby wins face-off versus Shawn Horcoff in Oilers zone.
1:23 of 3rd period - Icing by Pierre-Marc Bouchard.
1:24 of 3rd period - Marian Hossa wins face-off versus Fernando Pisani in Oilers zone.
1:34 of 3rd period - Icing by Saku Koivu.
1:35 of 3rd period - Evgeni Malkin wins face-off versus Saku Koivu in Oilers zone.
2:19 of 3rd period - Mark Parrish is hit by Steve Staios.
2:29 of 3rd period - Kris Draper is hit by Raffi Torres and loses puck.
2:31 of 3rd period - Minor Penalty to Radek Dvorak for Slashing.
2:32 of 3rd period - Ryan Johnson wins face-off versus Evgeni Malkin in Penguins zone.
2:39 of 3rd period - Shot by Jaroslav Spacek.
2:39 of 3rd period - Shot Misses the Net.
2:57 of 3rd period - Shot by Taylor Pyatt.
2:57 of 3rd period - Shot Misses the Net.
3:59 of 3rd period - Shot by Jere Lehtinen.
3:59 of 3rd period - Shot Misses the Net.
4:01 of 3rd period - Shot by Jarkko Ruutu.
4:01 of 3rd period - Goal by Jarkko Ruutu - Oilers : 2 - Penguins : 2.
4:02 of 3rd period - Kris Draper wins face-off versus Saku Koivu in neutral zone.
4:02 of 3rd period - Minor Penalty to Fernando Pisani for Goalie Interference.
4:03 of 3rd period - Sidney Crosby wins face-off versus Marty Reasoner in neutral zone.
4:05 of 3rd period - Off-side.
4:06 of 3rd period - Ryan Smyth wins face-off versus Sidney Crosby in neutral zone.
4:22 of 3rd period - Shot by Jarkko Ruutu.
4:22 of 3rd period - Stopped by Dwayne Roloson without a rebound.
4:23 of 3rd period - Ryan Smyth wins face-off versus Taylor Pyatt in Oilers zone.
4:23 of 3rd period - Ryan Smyth is hit by Evgeni Malkin.
4:42 of 3rd period - Ethan Moreau is hit by Evgeni Malkin and loses puck.
5:29 of 3rd period - Shot by Jere Lehtinen.
5:29 of 3rd period - Stopped by Dwayne Roloson without a rebound.
5:30 of 3rd period - Marty Reasoner wins face-off versus Evgeni Malkin in Oilers zone.
6:35 of 3rd period - Shot by Dominic Moore.
6:35 of 3rd period - Shot Blocked by Steve Staios.
6:37 of 3rd period - Shot by Christian Backman.
6:37 of 3rd period - Stopped by Dwayne Roloson without a rebound.
6:38 of 3rd period - Ryan Smyth wins face-off versus Sidney Crosby in Oilers zone.
6:38 of 3rd period - Ryan Smyth is hit by Jarkko Ruutu.
7:05 of 3rd period - Minor Penalty to Josef Melichar for Slashing.
7:06 of 3rd period - Saku Koivu wins face-off versus Marian Hossa in Penguins zone.
7:06 of 3rd period - Saku Koivu is hit by Bryan Mccabe.
7:10 of 3rd period - Shot by Alexei Zhitnik.
7:10 of 3rd period - Stopped by Marc-Andre Fleury without a rebound.
7:11 of 3rd period - Saku Koivu wins face-off versus Sidney Crosby in Penguins zone.
7:34 of 3rd period - Shot by Jaroslav Spacek.
7:34 of 3rd period - Shot Misses the Net.
7:36 of 3rd period - Shot by Fernando Pisani.
7:36 of 3rd period - Stopped by Marc-Andre Fleury without a rebound.
7:37 of 3rd period - Sidney Crosby wins face-off versus Shawn Horcoff in Penguins zone.
7:48 of 3rd period - Jere Lehtinen is hit by Ryan Smyth and loses puck.
9:05 of 3rd period - Bryan Mccabe is hit by Raffi Torres and loses puck.
9:40 of 3rd period - Shot by Raffi Torres.
9:40 of 3rd period - Stopped by Marc-Andre Fleury with a rebound.
9:42 of 3rd period - Shot by Steve Staios.
9:42 of 3rd period - Stopped by Marc-Andre Fleury with a rebound.
9:44 of 3rd period - Shot by Marty Reasoner.
9:44 of 3rd period - Stopped by Marc-Andre Fleury without a rebound.
9:45 of 3rd period - Sidney Crosby wins face-off versus Ryan Johnson in Penguins zone.
10:14 of 3rd period - Shot by Ryan Johnson.
10:14 of 3rd period - Shot Misses the Net.
10:57 of 3rd period - Shot by Taylor Pyatt.
10:57 of 3rd period - Shot Misses the Net.
13:05 of 3rd period - Icing by Bryan Mccabe.
13:06 of 3rd period - Saku Koivu wins face-off versus Evgeni Malkin in Penguins zone.
13:42 of 3rd period - Icing by Saku Koivu.
13:43 of 3rd period - Dominic Moore wins face-off versus Saku Koivu in Oilers zone.
13:49 of 3rd period - Kris Draper is hit by Jaroslav Spacek and loses puck.
14:02 of 3rd period - Brooks Orpik is hit by Saku Koivu and loses puck.
14:08 of 3rd period - Christian Backman is hit by Jaroslav Spacek.
14:12 of 3rd period - Shot by Kris Draper.
14:12 of 3rd period - Shot Misses the Net.
14:16 of 3rd period - Shot by Mark Parrish.
14:16 of 3rd period - Goal by Mark Parrish - Oilers : 2 - Penguins : 3.
14:17 of 3rd period - Sidney Crosby wins face-off versus Shawn Horcoff in neutral zone.
14:25 of 3rd period - Josef Melichar is hit by Ryan Smyth and loses puck.
14:35 of 3rd period - Shot by Petr Sykora.
14:35 of 3rd period - Shot Blocked by Glen Wesley.
15:45 of 3rd period - Nicklas Lidstrom is hit by Sidney Crosby and loses puck.
15:53 of 3rd period - Icing by Nicklas Lidstrom.
15:54 of 3rd period - Evgeni Malkin wins face-off versus Shawn Horcoff in Oilers zone.
16:23 of 3rd period - Shot by Marian Hossa.
16:23 of 3rd period - Shot Blocked by Petr Sykora.
16:38 of 3rd period - Minor Penalty to Fernando Pisani for Roughing.
16:39 of 3rd period - Taylor Pyatt wins face-off versus Marty Reasoner in neutral zone.
17:02 of 3rd period - Shot by Evgeni Malkin.
17:02 of 3rd period - Stopped by Dwayne Roloson without a rebound.
17:03 of 3rd period - Ryan Johnson wins face-off versus Sidney Crosby in Oilers zone.
17:12 of 3rd period - Ryan Johnson is hit by Jarkko Ruutu and loses puck.
18:24 of 3rd period - Shot by Dominic Moore.
18:24 of 3rd period - Stopped by Dwayne Roloson without a rebound.
18:25 of 3rd period - Ryan Johnson wins face-off versus Sidney Crosby in Oilers zone.
18:38 of 3rd period - Shot by Kris Draper.
18:38 of 3rd period - Stopped by Dwayne Roloson without a rebound.
18:39 of 3rd period - Kris Draper wins face-off versus Marty Reasoner in Oilers zone.
18:40 of 3rd period - Shot by Mark Parrish.
18:40 of 3rd period - Deflect By Dominic Moore.
18:40 of 3rd period - Shot Blocked by Steve Staios.
19:11 of 3rd period - Radek Dvorak is hit by Brooks Orpik and loses puck.
19:14 of 3rd period - Oilers, Dwayne Roloson is pulled from the net.
19:51 of 3rd period - Minor Penalty to Brooks Orpik for Hooking.
19:52 of 3rd period - Saku Koivu wins face-off versus Sidney Crosby in Penguins zone.


Output by the SimonT Hockey Simulator (STHS) for Stephane Roy -- Original Page W3C XHTML 1.0 Valid